 Dungeon Crawl Stone Soup version 0.22.1-1-ga44c0e5 (webtiles) character file.

1452498 Torikoriko the Mender (level 27, 209/215 HPs)
             Began as a Halfling Hunter on Sept 19, 2018.
             Was a Priest of Elyvilon.
             Escaped with the Orb
             ... and 3 runes on Sept 20, 2018!
             The game lasted 10:47:59 (108947 turns).

Torikoriko the Mender (Halfling Hunter)           Turns: 108947, Time: 10:48:00

Health: 209/215    AC: 21    Str: 20    XL:     27
Magic:  39/39      EV: 39    Int:  9    God:    Elyvilon [***...]
Gold:   2004       SH: 20    Dex: 24    Spells: 26/26 levels left

rFire    + . .     SeeInvis .   a - +5 fustibalus (flame)
rCold    + + .     Gourm    .   E - +5 shield {AC+3}
rNeg     . . .     Faith    .   n - +1 scale mail of the Sneaky Spirits {+Fly Dex+3 Slay+6}
rPois    .         Spirit   .   Z - +2 hat
rElec    +         Reflect  .   z - scarf {rC+ rF+}
rCorr    +         Harm     .   I - +2 pair of gloves {archery}
MR       +++..                  v - +2 pair of boots
Stlth    ++........             s - amulet of the Air {Inacc +Fly rElec EV+5 RMsl}
HPRegen  0.45/turn              i - ring of protection from magic
MPRegen  0.26/turn              O - ring of Itu Wuot {rCorr rC+}

@: repel missiles
A: small, horns 1, deformed body, deterioration 1, mutation resistance 1, shaggy
fur 1
0: Orb of Zot
}: 3/15 runes: serpentine, barnacled, slimy
a: Lesser Healing, Heal Other, Purification, Divine Protection, Renounce
Religion, Evoke Flight


You escaped.
You worshipped Elyvilon.
Elyvilon was most pleased with you.
You were full.

You visited 13 branches of the dungeon, and saw 59 of its levels.
You visited 2 bazaars.
You also visited: Ossuary, Ice Cave, Volcano and Desolation.

You collected 7097 gold pieces.
You spent 5093 gold pieces at shops.

Inventory:

Hand Weapons
 a - a +5 fustibalus of flaming (weapon)
 b - the +8 whip "Snakebite" {curare, rPois, !f}
   (You took it off a deep elf elementalist on level 3 of the Elven Halls)

   It poisons the flesh of those it strikes.
   It protects you from poison.
 A - a +3 blowgun
Missiles
 d - 18 sling bullets (quivered)
 k - 195 stones
 o - 11 curare-tipped needles {!f}
 w - 4 throwing nets {!f}
 G - 20 poisoned needles
Armour
 n - the +1 scale mail of the Sneaky Spirits (worn) {+Fly Dex+3 Slay+6}
   (You bought it in a shop in a bazaar)

   It affects your dexterity (+3).
   It affects your accuracy and damage with ranged weapons and melee attacks
   (+6).
   It lets you fly.
 u - a scarf of cloud immunity
 v - a +2 pair of boots (worn)
 z - a scarf of resistance (worn)
 D - quicksilver dragon scales
 E - a +5 shield of protection (worn)
 I - a +2 pair of gloves of archery (worn)
 J - a +2 cloak of magic resistance
 Z - a +2 hat (worn)
Jewellery
 i - a ring of protection from magic (left hand)
 s - the amulet of the Air (around neck) {Inacc +Fly rElec EV+5 RMsl}
   (You found it on level 4 of the Depths)

   [amulet of inaccuracy]

   It reduces the accuracy of all your attacks.
   It affects your evasion (+5).
   It insulates you from electricity.
   It lets you fly.
   It protects you from missiles.
 O - the ring of Itu Wuot (right hand) {rCorr rC+}
   (You found it in an ice cave)

   [ring of resist corrosion]

   It protects you from cold.
 W - an uncursed ring of protection from fire
Wands
 g - a wand of enslavement (58)
 C - a wand of digging (43)
 S - a wand of iceblast (39)
 X - a wand of paralysis (54)
Scrolls
 c - 10 scrolls of identify
 e - 24 scrolls of teleportation
 m - 21 scrolls of remove curse
 x - a scroll of silence
 y - a scroll of blinking
 B - 4 scrolls of fog
 F - 2 scrolls of summoning
 H - 4 scrolls of fear
 N - 7 scrolls of magic mapping
Potions
 h - 9 potions of curing
 j - 6 potions of flight
 l - 2 potions of invisibility
 q - 4 potions of heal wounds
 t - 3 potions of might
 T - 5 potions of cancellation
 U - 8 potions of agility
 Y - 2 potions of haste
Miscellaneous
 p - a phial of floods
 r - a fan of gales
 K - a lamp of fire
 L - 2 phantom mirrors
 Q - 4 sacks of spiders
Comestibles
 f - 36 rations


   Skills:
 - Level 24.3 Fighting
 - Level 24.0 Slings
 - Level 15.0 Armour
 - Level 24.0 Dodging
 - Level 10.0 Stealth
 - Level 15.0 Shields
 + Level 24.7 Invocations
 - Level 10.0 Evocations


You had 26 spell levels left.
You didn't know any spells.
Your spell library contained the following spells:

 Spells                   Type           Power        Failure   Level  Hunger
 Animate Skeleton         Necr           N/A          83%         1    ##.....
 Apportation              Tloc           #.....       83%         1    ##.....
 Confusing Touch          Hex            #.....       83%         1    ##.....
 Corona                   Hex            #......      83%         1    ##.....
 Flame Tongue             Conj/Fire      #....        83%         1    ##.....
 Magic Dart               Conj           #...         83%         1    ##.....
 Pain                     Necr           #...         83%         1    ##.....
 Sting                    Conj/Pois      #...         83%         1    ##.....
 Summon Butterflies       Summ           #.......     83%         1    ##.....
 Summon Small Mammal      Summ           #...         83%         1    ##.....
 Blink                    Tloc           N/A          92%         2    ###....
 Call Imp                 Summ           #.......     92%         2    ###....
 Corpse Rot               Necr           N/A          92%         2    ###....
 Ensorcelled Hibernation  Hex/Ice        #.....       92%         2    ###....
 Passwall                 Tmut/Erth      #.......     92%         2    ###....
 Poisonous Vapours        Pois/Air       #.....       92%         2    ###....
 Sublimation of Blood     Necr           #.........   92%         2    ###....
 Swiftness                Chrm/Air       #.......     92%         2    ###....
 Throw Flame              Conj/Fire      #.....       92%         2    ###....
 Call Canine Familiar     Summ           #.......     99%         3    ####...
 Confuse                  Hex            #.......     99%         3    ####...
 Conjure Flame            Conj/Fire      #.......     99%         3    ####...
 Dazzling Spray           Conj/Hex       #.....       99%         3    ####...
 Gell's Gravitas          Tloc           #.........   99%         3    ####...
 Ignite Poison            Fire/Tmut/Pois #.......     99%         3    ####...
 Inner Flame              Hex/Fire       #.......     99%         3    ####...
 Mephitic Cloud           Conj/Pois/Air  #.......     99%         3    ####...
 Regeneration             Chrm/Necr      #.........   99%         3    ####...
 Static Discharge         Conj/Air       #.......     99%         3    ####...
 Summon Guardian Golem    Hex/Summ       #.......     99%         3    ####...
 Tukima's Dance           Hex            #.......     99%         3    ####...
 Vampiric Draining        Necr           #.........   99%         3    ####...
 Animate Dead             Necr           N/A          100%        4    #####..
 Cause Fear               Hex            #.........   100%        4    #####..
 Ice Form                 Ice/Tmut       #.......     100%        4    #####..
 Olgreb's Toxic Radiance  Pois           #.......     100%        4    #####..
 Petrify                  Tmut/Erth      #.......     100%        4    #####..
 Sticky Flame             Conj/Fire      #.......     100%        4    #####..
 Summon Ice Beast         Ice/Summ       #.......     100%        4    #####..
 Summon Lightning Spire   Summ/Air       #.......     100%        4    #####..
 Agony                    Necr           #.......     100%        5    ######.
 Aura of Abjuration       Summ           #.........   100%        5    ######.
 Blade Hands              Tmut           #.........   100%        5    ######.
 Bolt of Draining         Conj/Necr      #.........   100%        5    ######.
 Bolt of Magma            Conj/Fire/Erth #.........   100%        5    ######.
 Borgnjor's Vile Clutch   Necr/Erth      #.........   100%        5    ######.
 Dispel Undead            Necr           #.......     100%        5    ######.
 Excruciating Wounds      Chrm/Necr      #.........   100%        5    ######.
 Fireball                 Conj/Fire      #.........   100%        5    ######.
 Irradiate                Conj/Tmut      #.........   100%        5    ######.
 Iskenderun's Battlesphe  Conj/Chrm      #.......     100%        5    ######.
 Lee's Rapid Deconstruct  Erth           #.........   100%        5    ######.
 Lightning Bolt           Conj/Air       #.........   100%        5    ######.
 Metabolic Englaciation   Hex/Ice        #.........   100%        5    ######.
 Silence                  Hex/Air        #.........   100%        5    ######.
 Summon Forest            Summ/Tloc      #.........   100%        5    ######.
 Summon Mana Viper        Hex/Summ       #.......     100%        5    ######.
 Venom Bolt               Conj/Pois      #.........   100%        5    ######.
 Yara's Violent Unravell  Hex/Tmut       #.........   100%        5    ######.
 Bolt of Cold             Conj/Ice       #.........   100%        6    #######
 Bolt of Fire             Conj/Fire      #.........   100%        6    #######
 Darkness                 Hex            #.........   100%        6    #######
 Deflect Missiles         Chrm/Air       #.........   100%        6    #######
 Freezing Cloud           Conj/Ice/Air   #.........   100%        6    #######
 Hydra Form               Tmut           #.........   100%        6    #######
 Invisibility             Hex            #.......     100%        6    #######
 Ozocubu's Refrigeration  Ice            #.........   100%        6    #######
 Simulacrum               Ice/Necr       #.........   100%        6    #######
 Statue Form              Tmut/Erth      #........    100%        6    #######
 Dragon Form              Tmut           #.........   100%        7    #######
 Ring of Flames           Chrm/Fire      #.........   100%        7    #######
 Spellforged Servitor     Conj/Summ      #.........   100%        7    #######
 Summon Hydra             Summ           #.........   100%        7    #######
 Discord                  Hex            #.........   100%        8    #######
 Ignition                 Fire           #.........   100%        8    #######
 Dragon's Call            Summ           #.........   100%        9    #######
 Shatter                  Erth           #.........   100%        9    #######
 Tornado                  Air            #.........   100%        9    #######
 Passage of Golubria      Tloc           Unusable     N/A         4    N/A

Dungeon Overview and Level Annotations

Branches:
Dungeon (15/15)            Temple (1/1) D:6            Lair (6/6) D:9
 Shoals (4/4) Lair:4        Snake (4/4) Lair:4        Slime (5/5) Lair:5
    Orc (2/2) D:12            Elf (3/3) Orc:2        Vaults (4/5) D:13
  Crypt (0/3) Vaults:3     Depths (5/5) D:15           Hell (1/1)
    Dis (0/7) Hell            Geh (0/7) Hell            Coc (4/7) Hell
    Tar (0/7) Hell            Zot (5/5) Depths:5

Altars:
Ashenzari
Cheibriados
Dithmenos
Elyvilon
Fedhas
Gozag
Hepliaklqana
Kikubaaqudgha
Makhleb
Nemelex Xobeh
Okawaru
Qazlal
Ru
Sif Muna
Trog
Uskayaw
Vehumet
Wu Jian
Xom
Yredelemnul
Zin
The Shining One
Beogh
Jiyva

Shops:
D:7 }   D:14 !   Orc:1 *   Orc:2 [*(:   Snake:1 [   Snake:3 %:[   Vaults:1 }
Vaults:2 *   Vaults:4 :

Portals:
Hell: Depths:1 Depths:2 Depths:3 Depths:4 Depths:5
Abyss: Depths:4
Pandemonium: Depths:3 Depths:5
Ziggurat: Depths:4

Annotations:
Lair:3 exclusion: oklob plant
Shoals:3 exclusion: downstairs
Vaults:2 Mara
Zot:3 exclusion: downstairs
Zot:5 1 exclusion


Innate Abilities, Weirdness & Mutations

You are small and have problems with some larger weapons.
You are somewhat resistant to further mutation.
You have a pair of small horns on your head.
Armour fits poorly on your strangely shaped body.
Your body sometimes deteriorates upon taking damage.
You are covered in fur. (AC +1)


Message History

You see here 3 sling bullets.
You feel very sick.
You feel purified!
You feel your dexterity returning.
You feel quite a bit less full.
You can no longer provide greater healing for yourself.
(D) Dungeon (T) Temple (L) Lair (A) Shoals (P) Snake Pit (M) Slime Pits (O) Orcish Mines (E) Elven Halls (V) Vaults (C) Crypt (U) Depths (H) Hell (I) Dis (G) Gehenna (X) Cocytus (Y) Tartarus (Z) Zot
Where to? (Enter - D:1 @ (x,y), ? - help)
What level of the Dungeon? (default 1, ? - help) Magic restored.
An Orb Guardian comes into view.
Evoke which item? (* to show all) (? for menu, Esc to quit)
Aiming: Dig
Press: ? - help, Shift-Dir - straight line The rock shatters into small pieces.
There is a staircase leading out of the dungeon here.
You have escaped!

#.# #.#..##.# ##.......##
#.#.. #.# #.#(.##.#
##...#.##..###.#.. #.#
#.#..##.###...##..#...##....
#.#
#.#..##.##...###..#.#..##...
#.# #.#.....##..##
#.#..##..###. #.#
#.#.....#.[## #.##.###..###
#.# #.#...#.#.X.####.#..#
##..## #.#
#.#.....#....#......# ##...
#.# #.#...[.##.@...####.#
##.. #.#
#.#.#...#....#......# ##...
#.###.#.#.#.#...####.##.#
##..## #.....#.#...#..##
#.##.###..##.
####......#.#...##
#....##.)###.
#........##...###..#.#..##
#. #.....##.###...##..#...##
#. #.....##.# ##...#.##..##
#. #....)##.# ##.....).## #.


You could see an Orb Guardian.

Vanquished Creatures
  Dissolution (Slime:2)
  the Royal Jelly (Slime:5)
  An orb of fire (Zot:5)
  2 ancient liches (Zot:5)
  4 caustic shrikes
  7 Killer Klowns (Zot:5)
  Geryon (Hell)
  2 golden dragons
  3 curse toes
  Nikola (Shoals:1)
  4 bone dragons
  4 electric golems
  A Tzitzimitl (D:9)
  19 tentacled monstrosities
  Rupert (Orc:1)
  2 titans
  26 Orb Guardians
  3 Ice Fiends
  3 liches
  Asterion (Vaults:2)
  3 quicksilver dragons
  A deep elf blademaster (Elf:3)
  A deep elf master archer (Elf:3)
  21 acid blobs
  6 sphinxes
  2 ancient champions (Depths:5)
  5 death cobs
  Agnes (Snake:2)
  11 shadow dragons
  6 draconian monks
  Donald (Orc:1)
  3 tengu reavers
  Ilsuiw (Shoals:4)
  Roxanne (Shoals:2)
  11 azure jellies
  8 storm dragons
  9 deep elf sorcerers (Elf:3)
  8 fire giants
  8 nagarajas
  4 imperial myrmidons (Desolation)
  11 vault wardens
  7 draconian knights
  11 frost giants
  2 iron dragons
  6 draconian shifters
  The ghost of troglodite the Blocker, a journeyman DsBe of Trog (Shoals:2)
  An orc warlord (Orc:1)
  A ghost moth (Zot:4)
  8 draconian scorchers
  An elemental wellspring (Coc:1)
  13 ironheart preservers
  4 deep elf elementalists (Elf:3)
  4 draconian stormcallers
  2 war gargoyles (Depths:5)
  2 draconian annihilators
  18 very ugly things
  8 reapers
  21 stone giants
  2 spriggan defenders (Depths:3)
  14 black draconians
  A vampire knight (Depths:2)
  15 yellow draconians
  3 deep elf annihilators
  A dire elephant (D:15)
  5 red draconians
  12 purple draconians
  7 deep elf demonologists
  A lorocyproca (Depths:1)
  16 white draconians
  14 green draconians
  11 spark wasps
  Snorg (Orc:1)
  The ghost of Huigg the Peltast, a journeyman GrFi of the Shining One (Lair:5)
  3 crystal guardians (Desolation)
  3 deep elf death magi (Elf:3)
  4 blizzard demons
  10 ettins
  3 green deaths
  Josephine (D:12)
  11 death oozes
  10 merfolk javelineers
  4 merfolk impalers (Shoals:4)
  A jiangshi (Depths:3)
  7 fire dragons
  5 deep elf high priests
  12 ice dragons
  9 ragged hierophants (Desolation)
  3 rakshasas
  15 yaktaur captains
  2 vault guards (Vaults:4)
  17 ogre magi
  Erolcha (Orc:1)
  17 great orbs of eyes
  12 servants of whispers (Desolation)
  9 naga warriors
  A quicksilver dragon skeleton (Coc:1)
  9 peacekeepers (Desolation)
  A hydra (Lair:3)
  2 catoblepae
  A hell beast (Zot:2)
  A catoblepas (shapeshifter) (D:14)
  56 two-headed ogres
  2 merfolk avatars
  8 centaur warriors
  Erica (D:10)
  An alligator (Lair:5)
  2 merfolk aquamancers
  20 dancing weapons
  2 deep troll shamans
  7 tengu warriors
  4 satyrs
  5 hell hogs (Depths:5)
  21 anacondas
  10 deep troll earth magi
  An orc high priest (Orc:1)
  4 vampire magi
  A titan zombie (Coc:1)
  7 spriggan berserkers
  Urug (Orc:1)
  4 death yaks (Lair:6)
  A soul eater (Depths:5)
  5 spriggans
  33 deep elf knights
  5 naga sharpshooters
  A titan skeleton (Coc:1)
  Nergalle (Orc:1)
  2 iron golems (Depths:5)
  7 shock serpents
  30 hell knights
  Sonja (D:10)
  15 skeletal warriors
  A salamander mystic (Volcano)
  11 sun demons
  A shadow wraith (Vaults:3)
  A sixfirhy (D:6)
  An iron troll (Depths:5)
  3 storm dragon skeletons
  2 anaconda zombies
  3 wizards
  11 deep trolls
  2 unseen horrors
  11 sea snakes
  2 flayed ghosts
  A shadow dragon zombie (Coc:1)
  26 deep elf archers
  4 glowing orange brains
  25 ironbrand convokers
  3 naga ritualists
  A sphinx zombie (Vaults:3)
  Pikel (D:7)
  10 orc knights
  66 deep elf magi
  A phantasmal warrior (Vaults:4)
  2 wolf spider zombies
  2 anaconda skeletons
  9 harpies
  9 cyclopes
  13 necromancers
  10 mana vipers
  2 shadow dragon skeletons (Coc:1)
  26 fauns
  2 frost giant zombies (Vaults:3)
  6 orc sorcerers
  90 slime creatures
  8 salamanders
  20 moths of wrath
  An oklob plant (Lair:5)
  42 ugly things
  23 manticores
  3 wolf spiders (Vaults:1)
  2 fire giant skeletons
  7 shining eyes
  12 guardian serpents
  10 elephants (Lair:6)
  A frost giant skeleton (Coc:1)
  6 smoke demons
  A torpor snail (Lair:3)
  11 merfolk sirens
  4 ice statues
  Psyche (D:9)
  43 black mambas
  An eye of devastation (Slime:1)
  18 naga magi
  3 orange demons
  A centaur zombie (D:13)
  9 water nymphs
  3 molten gargoyles
  2 black mambas (shapeshifter)
  2 gargoyles (D:13)
  7 vault sentinels
  12 rust devils
  2 hellions (Hell)
  A rime drake (shapeshifter) (Vaults:1)
  2 spiny frogs
  A human zombie (Vaults:3)
  2 komodo dragons
  An efreet (D:12)
  4 ice devils
  4 tormentors
  3 rime drakes
  A yaktaur (shapeshifter) (Depths:4)
  6 freezing wraiths
  2 yaktaur skeletons (Vaults:3)
  A redback zombie (D:15)
  55 yaktaurs
  A human skeleton (Vaults:3)
  30 merfolk
  4 wind drakes
  A meliai (shapeshifter) (D:14)
  3 hydra zombies
  An anaconda simulacrum (Hell)
  A golden dragon simulacrum (Coc:1)
  2 red devils
  3 trolls
  10 polar bears
  8 tengu conjurers
  A merfolk (shapeshifter) (Vaults:1)
  Prince Ribbit (D:7)
  Grinder (D:3)
  A shadow dragon simulacrum (Vaults:3)
  A harpy skeleton (Coc:3)
  7 hornets
  6 dream sheep
  A fire giant simulacrum (Vaults:3)
  82 saltlings (Desolation)
  3 hippogriffs (shapeshifter)
  2 human simulacra
  An ettin zombie (Coc:4)
  3 hydra skeletons
  2 alligator zombies (Hell)
  12 hippogriffs
  8 snapping turtles
  A meliai zombie (D:12)
  4 shadows
  2 centaur simulacra (D:13)
  8 flying skulls
  A spriggan (shapeshifter) (Vaults:4)
  2 yaks (shapeshifter)
  A ynoxinul (D:2)
  5 vampires
  2 air elementals
  A tarantella (shapeshifter) (Elf:2)
  34 yaks
  2 fire bats (Volcano)
  11 wraiths
  11 water elementals
  A basilisk (shapeshifter) (Depths:5)
  A steam dragon (D:6)
  A golden eye (Slime:5)
  5 hungry ghosts
  3 wyverns
  10 fire elementals
  7 basilisks
  A neqoxec (Depths:5)
  An emperor scorpion simulacrum (Coc:1)
  A warg (shapeshifter) (Depths:1)
  3 wargs
  A soldier ant (shapeshifter) (Vaults:1)
  3 acid dragons
  50 nagas
  13 water moccasins
  A hydra simulacrum (Coc:1)
  A soldier ant (D:14)
  A spiny frog zombie (Coc:1)
  4 hell hounds
  2 spiny frog skeletons
  31 orc warriors
  6 porcupines
  A meliai simulacrum (D:13)
  30 ice beasts
  A necrophage (D:8)
  7 sky beasts
  A slave (D:7)
  2 black bears
  2 phantoms
  A fire dragon simulacrum (Coc:1)
  39 ogres
  26 wolves
  8 boggarts
  5 eyes of draining
  11 centaurs
  10 crocodiles
  2 big kobolds
  13 bullfrogs
  3 gnoll sergeants
  3 water moccasin zombies (Ossuary)
  5 scorpions
  A wyvern skeleton (D:14)
  5 killer bees (D:9)
  A troll zombie (D:12)
  17 wights
  4 howler monkeys
  3 electric eels (D:13)
  11 crimson imps
  A lava snake (Volcano)
  A quasit (D:9)
  2 bullfrog zombies
  2 jellies
  17 orc priests
  3 hounds
  22 orc wizards
  A bullfrog skeleton (D:13)
  An iron imp (D:9)
  Jessica (D:3)
  6 centaur skeletons
  Terence (D:3)
  12 worker ants
  3 iguanas
  A statue (D:8)
  A killer bee zombie (D:10)
  5 ogre zombies (D:12)
  A bullfrog simulacrum (D:13)
  2 big kobold zombies (Ossuary)
  2 hound skeletons
  4 mummies
  19 gnolls
  2 worker ant zombies
  14 adders
  3 shadow imps
  17 white imps
  4 adder zombies (Ossuary)
  A worm (D:1)
  5 dart slugs
  6 leopard geckos
  64 orcs
  5 bats
  8 giant cockroaches
  4 gnoll zombies (Ossuary)
  8 goblins
  12 hobgoblins
  12 jackals
  A kobold (shapeshifter) (Depths:2)
  6 quokkas
  A ball python (D:2)
  A ball python skeleton (D:5)
  6 frilled lizards
  2 goblin skeletons (D:12)
  A goblin zombie (D:12)
  6 hobgoblin zombies (Ossuary)
  15 kobolds
  5 kobold zombies (Ossuary)
  A leopard gecko zombie (D:7)
  3 orc skeletons (D:12)
  16 orc zombies
  7 rats
  3 plants
2538 creatures vanquished.

Vanquished Creatures (collateral kills)
  Xtahua (Depths:3)
  An acid blob (Slime:5)
  A tengu reaver (Depths:3)
3 creatures vanquished.

Vanquished Creatures (others)
  Boris (Vaults:2)
  4 caustic shrikes
  A sphinx (Vaults:4)
  Gastronok (D:9)
  2 tengu reavers
  A fire giant (Depths:3)
  A frost giant (Depths:4)
  7 very ugly things
  2 stone giants (Depths:1)
  A deep elf annihilator (Elf:3)
  An ettin (Depths:2)
  A merfolk impaler (Shoals:4)
  A yaktaur captain (Vaults:4)
  A great orb of eyes (Depths:5)
  A rakshasa (Depths:2)
  2 spriggan air magi
  A centaur warrior (Depths:1)
  An anaconda (Snake:4)
  A deep troll shaman (Depths:2)
  2 tengu warriors
  A vampire mage (Depths:3)
  A death yak (Lair:6)
  4 deep troll earth magi
  An ogre mage (Depths:1)
  A spriggan berserker (Depths:2)
  A deep elf knight (Elf:1)
  2 iron trolls (Depths:2)
  An unseen horror (D:15)
  A deep troll (Depths:2)
  A naga ritualist (Snake:3)
  An ironbrand convoker (Vaults:1)
  2 deep elf magi (Elf:2)
  4 ugly things
  A salamander (Volcano)
  3 moths of wrath (Zot:5)
  A black mamba (Snake:3)
  A guardian serpent (Snake:4)
  A yaktaur (Depths:1)
  A rime drake (IceCv)
  2 meliai (D:15)
  A hornet (Depths:3)
  A spriggan (Depths:3)
  A flying skull (Coc:1)
  A water elemental (Depths:5)
  Grum (D:9)
  A naga (Snake:4)
  A hell hound (Hell)
  2 ice beasts (D:13)
  A slave (D:7)
  An ogre (D:9)
  A wolf (Lair:1)
  4 killer bees (D:9)
  An orc wizard (Orc:2)
  A white imp (Depths:5)
  An adder zombie (D:9)
  A frilled lizard (D:5)
  3 fungi
  13 plants
100 creatures vanquished.

Grand Total: 2641 creatures vanquished

Notes
Turn   | Place    | Note
-------+----------+-------------------------------------------
     0 | D:1      | Torikoriko the Halfling Hunter began the quest for the Orb.
     0 | D:1      | Reached XP level 1. HP: 14/14 MP: 1/1
   274 | D:1      | Reached XP level 2. HP: 14/19 MP: 2/2
  1187 | D:1      | Reached XP level 3. HP: 18/24 MP: 3/3
  1790 | D:2      | Reached XP level 4. HP: 30/30 MP: 4/4
  2470 | D:2      | Reached XP level 5. HP: 36/36 MP: 5/5
  3325 | D:3      | Noticed Jessica
  3332 | D:3      | Killed Jessica
  3424 | D:3      | Noticed Terence
  3447 | D:3      | Killed Terence
  3447 | D:3      | Reached XP level 6. HP: 36/42 MP: 6/6
  3493 | D:3      | Noticed Grinder
  3863 | D:3      | Paralysed by Grinder for 3 turns
  3877 | D:3      | Killed Grinder
  3877 | D:3      | Reached XP level 7. HP: 12/48 MP: 7/7
  4480 | D:4      | Found a snail-covered altar of Cheibriados.
  4525 | D:4      | Reached skill level 5 in Dodging
  4663 | D:4      | Found a white marble altar of Elyvilon.
  4677 | D:4      | Became a worshipper of Elyvilon the Healer
  5218 | D:4      | Reached * piety under Elyvilon
  5359 | D:5      | Entered Level 5 of the Dungeon
  5386 | D:5      | Reached XP level 8. HP: 54/54 MP: 8/8
  5410 | D:5      | Found a sacrificial altar of Ru.
  5558 | D:5      | Reached skill level 5 in Fighting
  5720 | D:5      | Reached skill level 10 in Slings
  5870 | D:5      | Found a sand-covered staircase.
  5893 | Ossuary  | Entered an ossuary
  6066 | Ossuary  | Reached XP level 9. HP: 61/62 MP: 9/9
  6984 | D:5      | Found an ornate altar of the Wu Jian Council.
  7357 | D:6      | Reached ** piety under Elyvilon
  7465 | D:6      | Found a sparkling altar of Nemelex Xobeh.
  7610 | D:6      | Found a staircase to the Ecumenical Temple.
  7617 | D:6      | Found a basalt altar of Yredelemnul.
  7617 | D:6      | Found a shadowy altar of Dithmenos.
  7617 | D:6      | Found a hazy altar of Hepliaklqana.
  7634 | D:6      | Reached skill level 1 in Armour
  7634 | D:6      | Reached skill level 1 in Invocations
  7889 | D:6      | Found a shattered altar of Ashenzari.
  7890 | D:6      | Found a bloodstained altar of Trog.
  7890 | D:6      | Found a stormy altar of Qazlal.
  7890 | D:6      | Found a hide-covered altar of Uskayaw.
  7890 | D:6      | Found a white marble altar of Elyvilon.
  8033 | Temple   | Entered the Ecumenical Temple
  8160 | D:7      | Got a faintly humming plate armour
  8182 | D:6      | Identified the +1 plate armour of the Tundras {+Blink
                  | rElec} (You found it on level 7 of the Dungeon)
  8202 | D:7      | Reached *** piety under Elyvilon
  8204 | D:7      | Found Hiufrohe's Gadget Shoppe.
  8735 | D:7      | Noticed Pikel
  8761 | D:7      | Killed Pikel
  8839 | D:7      | Reached **** piety under Elyvilon
  8946 | D:7      | Reached XP level 10. HP: 71/71 MP: 12/12
  9161 | D:7      | Noticed Prince Ribbit
  9178 | D:7      | Killed Prince Ribbit
  9452 | D:8      | Noticed a two-headed ogre
  9806 | D:8      | Reached skill level 5 in Armour
  9806 | D:8      | Reached skill level 5 in Invocations
  9898 | D:8      | You fall through a shaft for 2 floors!
  9898 | D:10     | Entered Level 10 of the Dungeon
 10007 | D:9      | Noticed Psyche
 10023 | D:9      | Killed Psyche
 10484 | D:8      | Found an opulent altar of Gozag.
 10689 | D:8      | Reached ***** piety under Elyvilon
 11058 | D:8      | Killed a two-headed ogre
 11058 | D:8      | Reached XP level 11. HP: 80/80 MP: 14/16
 11238 | D:8      | Found a radiant altar of Vehumet.
 11351 | D:9      | Noticed a two-headed ogre
 11360 | D:9      | Killed a two-headed ogre
 11463 | D:9      | Noticed Grum
 11482 | D:9      | Killed Grum
 11602 | D:9      | Found a staircase to the Lair.
 11633 | D:9      | Noticed Gastronok
 11659 | D:9      | Killed Gastronok
 11949 | D:10     | Noticed Erica
 11958 | D:10     | Killed Erica
 11958 | D:10     | Reached skill level 10 in Fighting
 11981 | D:10     | Noticed Sonja
 11989 | D:10     | Killed Sonja
 12499 | D:11     | Found a frozen archway.
 12515 | IceCv    | Entered an ice cave
 14486 | IceCv    | Noticed an ice dragon
 14486 | IceCv    | Noticed an ice dragon
 14487 | IceCv    | Pacified an ice dragon
 14487 | IceCv    | Reached skill level 10 in Invocations
 14487 | IceCv    | Reached XP level 12. HP: 67/89 MP: 19/19
 14941 | IceCv    | Pacified an ice dragon
 14953 | IceCv    | Got a warped turquoise ring
 14973 | IceCv    | Identified the ring of Itu Wuot {rCorr rC+} (You found it
                  | in an ice cave)
 16365 | Lair:1   | Entered Level 1 of the Lair of Beasts
 16474 | Lair:1   | Noticed a seven-headed hydra
 16480 | Lair:1   | Pacified a seven-headed hydra
 17749 | Lair:2   | Got a smoking robe
 17760 | Lair:2   | Identified the +1 robe of Curiosity {rN+ Dex+6} (You found
                  | it on level 2 of the Lair of Beasts)
 18894 | Lair:3   | Reached XP level 13. HP: 97/97 MP: 20/20
 19023 | Lair:3   | Found a runed door.
 19469 | Lair:4   | Noticed a catoblepas
 19783 | Lair:4   | Found a dark tunnel.
 19791 | Volcano  | Entered a volcano
 19919 | Volcano  | Reached ****** piety under Elyvilon
 20027 | Volcano  | Found a burning altar of Makhleb.
 20053 | Volcano  | Reached skill level 10 in Dodging
 20501 | Lair:4   | Found a staircase to the Shoals.
 20802 | Lair:4   | Found a snail-covered altar of Cheibriados.
 20861 | Lair:4   | Found a staircase to the Snake Pit.
 20948 | Lair:4   | Killed a catoblepas
 21850 | Lair:5   | Found a runed door.
 21856 | Lair:5   | Noticed Huigg's ghost (journeyman GrFi)
 22253 | Lair:5   | Found a staircase to the Slime Pits.
 22253 | Lair:5   | Found a viscous altar of Jiyva.
 22591 | Lair:5   | Noticed a six-headed hydra
 22617 | Lair:5   | Pacified a six-headed hydra
 22766 | Lair:6   | Entered Level 6 of the Lair of Beasts
 23098 | Lair:6   | Reached XP level 14. HP: 95/106 MP: 21/21
 23416 | Lair:6   | Found a shattered altar of Ashenzari.
 25413 | D:12     | Found a staircase to the Orcish Mines.
 25478 | D:12     | Noticed Josephine
 25479 | D:12     | Found a sparkling altar of Nemelex Xobeh.
 25510 | D:12     | Killed Josephine
 26236 | Orc:1    | Entered Level 1 of the Orcish Mines
 26472 | Orc:1    | Noticed Snorg
 26486 | Orc:1    | Killed Snorg
 26557 | Orc:1    | Found Woluel's General Store.
 26592 | Orc:2    | Entered Level 2 of the Orcish Mines
 26592 | Orc:2    | Found a staircase to the Elven Halls.
 26611 | Orc:2    | Noticed Urug
 26611 | Orc:2    | Noticed an orc warlord
 26878 | Orc:2    | Noticed Rupert
 26878 | Orc:2    | Noticed Donald
 26933 | Orc:1    | Killed an orc warlord
 27288 | D:13     | Reached XP level 15. HP: 85/114 MP: 23/23
 27504 | D:13     | Reached skill level 15 in Fighting
 27544 | D:13     | Found a gate to the Vaults.
 27551 | D:13     | Paralysed by a wizard for 3 turns
 29381 | D:14     | Found Ejyowy's Distillery.
 29395 | D:14     | Bought a potion of heal wounds for 80 gold pieces
 29395 | D:14     | Bought 2 potions of curing for 96 gold pieces
 29395 | D:14     | Bought a potion of agility for 64 gold pieces
 29480 | D:15     | Entered Level 15 of the Dungeon
 29751 | D:15     | Noticed an emperor scorpion
 29769 | D:15     | Pacified an emperor scorpion
 29837 | D:15     | Found a staircase to the Depths.
 30165 | D:15     | Found an opulent altar of Gozag.
 30880 | Snake:1  | Entered Level 1 of the Snake Pit
 31263 | Snake:1  | Found Raoruch's Antique Armour Shop.
 31394 | Snake:1  | Reached XP level 16. HP: 105/124 MP: 4/26
 31615 | Snake:1  | Found Wait Nybb's Book Emporium.
 32560 | Snake:2  | Noticed a nagaraja
 33406 | Snake:2  | Killed a nagaraja
 33903 | Snake:2  | Noticed a nagaraja
 34013 | Snake:2  | Killed a nagaraja
 34474 | Snake:2  | Noticed Agnes
 34501 | Snake:2  | Killed Agnes
 35665 | Snake:3  | Found Essuos's Antique Armour Emporium.
 35670 | Snake:3  | Bought a pair of glowing gloves for 247 gold pieces
 36034 | Snake:3  | Found Zeriam's Book Shoppe.
 36036 | Snake:3  | Found Tioc's Food Emporium.
 36888 | Snake:4  | Entered Level 4 of the Snake Pit
 37210 | Snake:4  | Reached XP level 17. HP: 131/131 MP: 25/28
 37966 | Snake:4  | Reached skill level 15 in Invocations
 38275 | Snake:4  | Reached skill level 15 in Slings
 39515 | Snake:4  | Identified a scroll of acquirement
 39952 | Snake:4  | Reached skill level 15 in Dodging
 40243 | Snake:3  | Bought a runed shield for 247 gold pieces
 40348 | Snake:4  | Reached skill level 1 in Shields
 40470 | Snake:4  | Reached XP level 18. HP: 132/139 MP: 29/29
 40761 | Snake:4  | Got a serpentine rune of Zot
 40918 | Shoals:1 | Entered Level 1 of the Shoals
 41205 | Shoals:1 | Reached skill level 5 in Shields
 42244 | Shoals:2 | Noticed Nikola
 42268 | Shoals:1 | Killed Nikola
 42268 | Shoals:1 | Was placed under penance by Elyvilon
 42492 | Shoals:2 | Noticed Roxanne
 42831 | Shoals:2 | Killed Roxanne
 43886 | Shoals:2 | Found a runed door.
 43916 | Shoals:2 | Found a gateway to a bazaar.
 43939 | Bazaar   | Entered a bazaar
 43939 | Bazaar   | Found Aginij's Magic Scroll Boutique.
 43947 | Bazaar   | Found Cieblos's Weapon Emporium.
 43956 | Bazaar   | Found Papi's Antique Armour Emporium.
 43990 | Bazaar   | Found Mecvuz's Weapon Emporium.
 44020 | Bazaar   | Bought 2 scrolls of acquirement for 1144 gold pieces
 44046 | Bazaar   | Bought a scorched scale mail for 324 gold pieces
 44057 | Bazaar   | Identified the +1 scale mail of the Sneaky Spirits {+Fly
                  | Dex+3 Slay+6} (You bought it in a shop in a bazaar)
 44088 | Bazaar   | Bought 2 scrolls of brand weapon for 440 gold pieces
 44217 | Shoals:3 | Was forgiven by Elyvilon
 44259 | Shoals:2 | Noticed troglodite's ghost (journeyman DsBe)
 44261 | Shoals:2 | Got a shimmering battleaxe
 44823 | Shoals:3 | Reached skill level 10 in Shields
 45089 | Shoals:4 | Entered Level 4 of the Shoals
 45191 | Shoals:4 | Reached XP level 19. HP: 131/147 MP: 30/30
 45237 | Shoals:4 | Noticed Ilsuiw
 45751 | Shoals:4 | Got a barnacled rune of Zot
 45858 | Shoals:4 | Killed Ilsuiw
 47603 | Orc:1    | Killed Rupert
 47616 | Orc:1    | Killed Donald
 47625 | Orc:1    | Killed Urug
 47762 | Orc:2    | Noticed Nergalle
 48036 | Orc:1    | Killed Nergalle
 48162 | Orc:2    | Found a roughly hewn altar of Beogh.
 48182 | Orc:2    | Found Tyhyemp's Antique Weapon Shoppe.
 48211 | Orc:2    | Found Wyr Ruig's Antique Armour Shoppe.
 48553 | Orc:2    | Found Zorhiuru's Book Shoppe.
 48782 | Orc:2    | Found Uloadghy's General Store.
 48789 | Orc:2    | Bought a potion of heal wounds for 65 gold pieces
 48789 | Orc:2    | Bought a potion of heal wounds for 65 gold pieces
 48819 | Orc:2    | Upgraded the game from 0.22.1 to 0.22.1-1-ga44c0e5
 48908 | Vaults:1 | Entered Level 1 of the Vaults
 49284 | Vaults:1 | Reached XP level 20. HP: 129/158 MP: 31/31
 50223 | Vaults:1 | Found Wigin's Gadget Shop.
 50952 | Vaults:2 | Noticed Boris
 51276 | Vaults:2 | Found Fiprughe's Assorted Antiques.
 51354 | Vaults:2 | Noticed Mara
 51505 | Vaults:2 | Noticed Asterion
 51550 | Vaults:2 | Killed Asterion
 51612 | Vaults:2 | Reached skill level 15 in Shields
 52537 | Vaults:3 | Reached XP level 21. HP: 164/164 MP: 32/32
 53197 | Vaults:3 | Found a staircase to the Crypt.
 54355 | Vaults:4 | Found a ruined gateway.
 54385 | Desolati | Entered the Desolation of Salt
 55055 | Desolati | Reached XP level 22. HP: 171/171 MP: 34/34
 55673 | Desolati | Identified the Grimoire of Icy Poisoning
 56187 | Desolati | Got a crude brass ring
 56189 | Desolati | Identified the ring of Xiasad {+Blink MP+9} (You found it
                  | in the Desolation of Salt)
 56589 | Desolati | Got a pair of jewelled gloves
 56600 | Desolati | Identified the +1 pair of gloves of Panentheism {*Drain rC-
                  | Str+6 Dex+2} (You found it in the Desolation of Salt)
 56616 | Desolati | Found the +6 lightning scales {run, rElec}
 57858 | Vaults:4 | Found Efrunt's Book Boutique.
 57874 | Vaults:4 | Reached XP level 23. HP: 176/176 MP: 37/37
 58796 | Vaults:2 | Killed Boris
 59192 | Vaults:2 | Got a pair of transparent gloves
 59193 | Vaults:2 | Identified the cursed +0 pair of gloves of Plasticity
                  | {Str+3 Int+5 Stlth+} (You found it on level 2 of the
                  | Vaults)
 59655 | Lair:5   | Killed Huigg's ghost
 60042 | Shoals:2 | Killed troglodite's ghost
 60391 | Depths:1 | Entered Level 1 of the Depths
 61580 | Depths:1 | Found a gateway to Hell.
 62594 | Depths:2 | Noticed Sojobo
 62905 | Depths:2 | Reached XP level 24. HP: 161/183 MP: 37/37
 62928 | Depths:2 | Reached skill level 10 in Armour
 63261 | Depths:2 | Reached skill level 1 in Evocations
 63270 | Depths:2 | Got an ominously black robe
 63284 | Depths:2 | Identified the +2 robe of Xom's Favour {*Slow +Fly rElec
                  | rN++} (You took it off a necromancer on level 2 of the
                  | Depths)
 63394 | Depths:2 | HP: 9/183 [poisoned by a lich (poison arrow)]
 63665 | Depths:2 | Pacified Sojobo
 63790 | Depths:2 | Noticed a caustic shrike
 63791 | Depths:2 | Noticed a caustic shrike
 63795 | Depths:2 | Pacified a caustic shrike
 63796 | Depths:2 | Noticed a caustic shrike
 63796 | Depths:2 | Pacified a caustic shrike
 63796 | Depths:2 | Killed a caustic shrike
 63935 | Depths:2 | Reached skill level 5 in Evocations
 63997 | Depths:2 | Got a brightly glowing leather armour
 64002 | Depths:2 | Identified the +1 leather armour of Pan-Flutes {+Inv} (You
                  | took it off a deep elf annihilator on level 2 of the
                  | Depths)
 64788 | Depths:3 | Noticed a caustic shrike
 64790 | Depths:3 | Pacified a caustic shrike
 64794 | Depths:3 | Killed a caustic shrike
 64802 | Depths:3 | Noticed a caustic shrike
 64804 | Depths:3 | Pacified a caustic shrike
 64823 | Depths:3 | Noticed a caustic shrike
 64823 | Depths:3 | Noticed a caustic shrike
 64834 | Depths:3 | Killed a caustic shrike
 64875 | Depths:3 | Noticed a caustic shrike
 64950 | Depths:3 | Noticed a caustic shrike
 64968 | Depths:3 | Killed a caustic shrike
 64970 | Depths:3 | Pacified a caustic shrike
 65018 | Depths:3 | Killed a caustic shrike
 65204 | Depths:3 | Reached XP level 25. HP: 90/190 MP: 38/38
 65537 | Depths:3 | Noticed Xtahua
 65575 | Depths:3 | Killed Xtahua
 66032 | Depths:3 | Found a one-way gate leading to the halls of Pandemonium.
 66487 | Depths:3 | Reached skill level 10 in Evocations
 67485 | Depths:4 | Got a crude silver ring
 67487 | Depths:4 | Identified the ring "Zisoudoa" {*Tele rElec rPois rF-} (You
                  | took it off a frost giant on level 4 of the Depths)
 67503 | Depths:4 | Found a one-way gate to the infinite horrors of the Abyss.
 67913 | Depths:4 | Found a gateway to a ziggurat.
 68079 | Depths:4 | Found the amulet of the Air {Inacc +Fly rElec EV+5 RMsl}
 68392 | Depths:4 | Found an opulent altar of Gozag.
 68536 | Depths:5 | Entered Level 5 of the Depths
 69030 | Depths:5 | Noticed a caustic shrike
 69047 | Depths:5 | Killed a caustic shrike
 69047 | Depths:5 | Reached XP level 26. HP: 201/201 MP: 38/38
 71189 | Depths:5 | Found a gate to the Realm of Zot.
 72334 | Vaults:2 | Bought a potion of heal wounds for 120 gold pieces
 72662 | Vaults:2 | Bought a scroll of enchant weapon for 180 gold pieces
 72662 | Vaults:2 | Bought a scroll of enchant weapon for 180 gold pieces
 72854 | Elf:1    | Entered Level 1 of the Elven Halls
 73356 | Elf:1    | Got a brightly glowing leather armour
 73357 | Elf:1    | Identified the +2 leather armour "Tuvvyol" {rPois Int+4}
                  | (You found it on level 1 of the Elven Halls)
 73609 | Elf:1    | Found an ancient bone altar of Kikubaaqudgha.
 74116 | Elf:2    | Found a flickering gateway to a bazaar.
 74122 | Bazaar   | Entered a bazaar
 74122 | Bazaar   | Found Tijoqaujusch's Gadget Shoppe.
 74122 | Bazaar   | Found Vumeatt's Assorted Antiques.
 74125 | Bazaar   | Found Suent's Antique Armour Shoppe.
 74125 | Bazaar   | Found Jarigeq's Antique Armour Boutique.
 74193 | Bazaar   | Bought a brightly glowing plate armour for 588 gold pieces
 74194 | Bazaar   | Identified the +8 plate armour of Perfidy {+Inv MR+} (You
                  | bought it in a shop in a bazaar)
 74196 | Bazaar   | Bought a distressingly furry plate armour for 588 gold
                  | pieces
 74197 | Bazaar   | Identified the +0 plate armour "Wivvarid" {*Contam rElec
                  | rCorr} (You bought it in a shop in a bazaar)
 74201 | Bazaar   | Bought a scroll of blinking for 285 gold pieces
 74201 | Bazaar   | Bought a potion of haste for 380 gold pieces
 74604 | Elf:2    | Found a runed gate.
 74604 | Elf:2    | Found a runed gate.
 74609 | Elf:2    | Found a runed gate.
 75479 | Elf:2    | Reached XP level 27. HP: 191/207 MP: 38/38
 75698 | Elf:3    | Entered Level 3 of the Elven Halls
 76403 | Elf:3    | Got a slimy double sword {venom}
 76404 | Elf:3    | Identified the +9 double sword "Dur Lepi" {venom, MR+ Str+6
                  | SInv} (You took it off a deep elf sorcerer on level 3 of
                  | the Elven Halls)
 76837 | Elf:3    | Got a smoking long sword
 76838 | Elf:3    | Identified the cursed +0 long sword of Causality
                  | {antimagic, +Inv} (You found it on level 3 of the Elven
                  | Halls)
 77715 | Orc:1    | Noticed Erolcha
 77717 | Orc:1    | Killed Erolcha
 78012 | Slime:1  | Entered Level 1 of the Pits of Slime
 78116 | Slime:1  | Found a viscous altar of Jiyva.
 78209 | Slime:3  | Noticed Dissolution
 78219 | Slime:2  | Paralysed by a floating eye for 2 turns
 78809 | Slime:2  | Gained mutation: You are covered in fur. (AC +1) [a shining
                  | eye]
 78810 | Slime:2  | Killed Dissolution
 79048 | Slime:2  | Gained mutation: You have a pair of small horns on your
                  | head. [a shining eye]
 79496 | Slime:5  | Entered Level 5 of the Pits of Slime
 80027 | Slime:5  | Found a viscous altar of Jiyva.
 80028 | Slime:5  | Noticed the Royal Jelly
 80114 | Slime:5  | Killed the Royal Jelly
 80566 | Slime:5  | Got a slimy rune of Zot
 80568 | Slime:5  | Got a translucent falchion
 80569 | Slime:5  | Identified the +7 falchion of Distant Shores {freeze, Str+5
                  | Dex-2} (You found it on level 5 of the Pits of Slime)
 80609 | Slime:5  | Identified Sif Muna's Catalogue of Contamination and
                  | Translocation
 80655 | Slime:5  | Got a shimmering mace
 80656 | Slime:5  | Identified the +10 mace "Qulig" {drain, -Tele +Fly rF-
                  | Dex+7} (You found it on level 5 of the Pits of Slime)
 80691 | Slime:5  | Identified the Guide on Confrontation
 80693 | Slime:5  | Identified Zenudgh's Further Progress in Witchery
 81495 | Zot:1    | Entered Level 1 of the Realm of Zot
 93550 | Zot:5    | Entered Level 5 of the Realm of Zot
 93861 | Zot:5    | Noticed an orb of fire
 94785 | Hell     | Entered the Vestibule of Hell
 94785 | Hell     | Noticed Geryon
 99208 | Hell     | Killed Geryon
 99727 | Hell     | Reached skill level 5 in Stealth
 99868 | Hell     | Found a gateway to the decaying netherworld of Tartarus.
100307 | Hell     | Found a gateway to the ashen valley of Gehenna.
100399 | Hell     | Found a gateway to the Iron City of Dis.
100467 | Hell     | Found a gateway to the freezing wastes of Cocytus.
100485 | Coc:1    | Entered Level 1 of Cocytus
100727 | Coc:1    | Noticed a shard shrike
100727 | Coc:1    | Pacified a shard shrike
100817 | Coc:1    | Noticed a shard shrike
100818 | Coc:1    | Pacified a shard shrike
102352 | Coc:4    | Reached skill level 10 in Stealth
103062 | Zot:5    | Noticed an ancient lich
103083 | Zot:5    | Killed an ancient lich
103231 | Zot:5    | Noticed an ancient lich
103245 | Zot:5    | Paralysed by an ancient lich for 7 turns
103588 | Zot:5    | Killed an ancient lich
103799 | Zot:5    | Noticed an ancient lich
104187 | Zot:5    | Pacified an ancient lich
104318 | Zot:5    | Noticed an ancient lich
104320 | Zot:5    | Pacified an ancient lich
104790 | Zot:5    | Noticed an orb of fire
104807 | Zot:5    | Noticed an orb of fire
105337 | Zot:4    | Gained mutation: Your body sometimes deteriorates upon
                  | taking damage. [an orb of fire]
105370 | Zot:4    | Gained mutation: Armour fits poorly on your strangely
                  | shaped body. [an orb of fire]
105373 | Zot:4    | HP: 8/215 [orb of fire/fireball (30)]
106809 | Zot:5    | Noticed an orb of fire
106851 | Zot:5    | Killed an orb of fire
106851 | Zot:5    | Reached skill level 15 in Armour
107879 | Zot:5    | Got the Orb of Zot
108142 | Depths:1 | Noticed Qiodghej the pandemonium lord
108947 | D:$      | Escaped with the Orb!

Skill      XL: |  1  2  3  4  5  6  7  8  9 10 11 12 13 14 15 16 17 18 19 20 21 22 23 24 25 26 27 |
---------------+----------------------------------------------------------------------------------+-----
Fighting       | 2 3 4 5 7 9 10 12 13 14 16 17 18 19 20 21 22 24 | 24.3
Slings         | 6 7 8 10 12 14 16 19 20 22 24 | 24.0
Dodging        | 3 4 5 7 8 9 12 14 15 17 24 | 24.0
Armour         | 3 6 9 12 15 | 15.0
Invocations    | 3 7 10 13 14 15 17 20 21 22 24 | 24.7
Shields        | 2 10 11 15 | 15.0
Evocations     | 8 10 | 10.0
Stealth        | 10 | 10.0

Action                   |  1- 3 |  4- 6 |  7- 9 | 10-12 | 13-15 | 16-18 | 19-21 | 22-24 | 25-27 || total
-------------------------+-------+-------+-------+-------+-------+-------+-------+-------+-------++-------
Melee: Short sword       |   104 |   152 |    15 |       |       |       |       |       |       ||   271
       Dagger            |       |       |   507 |   455 |   155 |       |       |       |       ||  1117
       Scimitar          |       |       |       |   158 |       |       |       |       |       ||   158
       Lajatang          |       |       |       |       |   804 |    35 |       |       |       ||   839
       Long sword        |       |       |       |       |       |       |     5 |       |       ||     5
       Hunting sling     |       |       |       |       |       |       |     2 |     1 |     1 ||     4
       Whip              |       |       |       |       |       |       |       |       |   698 ||   698
       Headbutt          |       |       |       |       |       |       |       |       |   223 ||   223
       Fustibalus        |       |       |       |       |       |       |       |       |     2 ||     2
 Fire: Hunting sling     |    14 |   127 |   140 |   419 |  1032 |  2296 |  2026 |  1997 |  4007 || 12058
       Blowgun           |       |       |     1 |    28 |       |     2 |     8 |       |    10 ||    49
       Fustibalus        |       |       |       |       |       |       |       |       |  1306 ||  1306
Throw: Throwing net      |       |       |       |       |     1 |     1 |     6 |       |     6 ||    14
       Stone             |       |       |       |       |       |       |       |       |     3 ||     3
Invok: Heal Other        |       |       |       |    23 |    25 |    32 |    11 |    31 |    44 ||   166
       Divine Protection |       |       |       |     2 |       |     2 |     3 |     2 |     8 ||    17
       Greater Healing   |       |       |       |       |     9 |    10 |     3 |     1 |    15 ||    38
       Lesser Healing    |       |       |       |       |       |     1 |     1 |       |       ||     2
       Purification      |       |       |       |       |       |       |       |       |     1 ||     1
 Abil: Stop Flying       |       |       |       |       |       |       |       |       |     8 ||     8
       Evoke Flight      |       |       |       |       |       |       |       |       |     8 ||     8
Evoke: Wand              |       |       |       |       |    11 |       |     1 |     4 |    10 ||    26
       Phial of floods   |       |       |       |       |       |       |       |       |     4 ||     4
       Box of beasts     |       |       |       |       |       |       |       |       |     2 ||     2
       Phantom mirror    |       |       |       |       |       |       |       |       |     3 ||     3
       Lamp of fire      |       |       |       |       |       |       |       |       |     2 ||     2
       Sack of spiders   |       |       |       |       |       |       |       |       |     2 ||     2
  Use: Potion            |       |     2 |       |       |     1 |     4 |     4 |     1 |    19 ||    31
       Scroll            |       |     1 |    10 |    13 |    12 |     7 |    12 |     6 |    32 ||    93
 Stab: Sleeping          |     4 |       |       |       |     7 |       |       |       |     1 ||    12
       Paralysed         |       |       |       |       |     8 |       |       |       |       ||     8
  Eat: Chunk             |     3 |     6 |    10 |    26 |    43 |    30 |    33 |    27 |    71 ||   249
       Ration            |       |       |     2 |     4 |     3 |     8 |       |     4 |    26 ||    47
Armor: Leather armour    |    20 |    25 |       |       |       |       |       |       |       ||    45
       Scale mail        |       |    35 |   166 |   238 |       |     7 |   134 |   135 |   533 ||  1248
       Robe              |       |       |       |     4 |   174 |    94 |       |       |       ||   272
Dodge: Dodged            |   114 |   158 |   360 |   691 |  1776 |   948 |   423 |   391 |  2972 ||  7833
       Deflected         |       |       |       |       |       |       |       |       |    86 ||    86
Block: Shield            |       |       |       |       |       |   152 |   680 |   622 |  2722 ||  4176
       Rpst.: Scimitar   |       |       |       |    55 |       |       |       |       |       ||    55
